 Dungeon Crawl Stone Soup version 0.31.0-4-g52a2dc7128 (webtiles) character file.

Game seed: 2766676381883434285

2347283 browni3141 the Impregnable (level 27, 249/249 HPs)
             Began as a Barachi Shapeshifter on Jan 21, 2024.
             Was a High Priest of Ashenzari.
             Escaped with the Orb
             ... and 4 runes!
             The game lasted 02:23:19 (68835 turns).

browni3141 the Impregnable (Barachi Shapeshifter)  Turns: 68835, Time: 02:23:19

Health: 249/249    AC: 46    Str: 33    XL:     27
Magic:  40/40      EV: 12    Int: 18    God:    Ashenzari [*****.]
Gold:   921        SH: 44    Dex: 16    Spells: 33/52 levels left

rFire   . .          .
                       - Unarmed
rCold   . . .        g - +18 shield of the Gong {Loud rN+ Will+ rCorr EV-5, Range, Self} (curse)
rNeg    + + .        Q - +10 storm dragon scales of the Cursed Failure {rElec, Bai Suzhen, Fort, Melee} (curse)
rPois   +            n - +2 helmet of Ashenzari's Omen {Dev, Fort} (curse)
rElec   +            A - +1 cloak of the Mantic Scepticism {rPois rN+ Str+2, Cun, Fort} (curse)
rCorr   +            q - +0 pair of gloves of the Esoteric Loss {Self, Melee} (curse)
SInv    +            B - +2 pair of boots of Ashenzari's Shame {rampage, Dev, Bglg} (curse)
Will    +++..        x - brooch of Shielding {Spirit SH+8, Self, Melee} (curse)
Stlth   +            Z - ring of the Bound Sage {SInv, Range, Dev} (curse)
HPRegen 0.61/turn    D - ring "Thunder Perfect Mind" {rCorr Str+3 Int+6 Dex+2, Dev, Melee} (curse)
MPRegen 0.27/turn

%: clarity, guardian spirit, rampage
@: unable to hop, studying 2 skills, slow
A: amphibious, slowness 1, strong legs 2, +LOS, strong 1, no potion heal 1,
inability to drink after injury 2, MP-powered wands, noise suppression
0: Orb of Zot
}: 4/15 runes: barnacled, slimy, abyssal, gossamer
a: Hop, Renounce Religion, Curse Item, Shatter the Chains


You escaped.
You worshipped Ashenzari.
Ashenzari was extremely pleased with you.
You visited 10 branches of the dungeon, and saw 51 of its levels.
You visited the Abyss 2 times.
You also visited: Sewer, Ice Cave and Wizlab.

You collected 8773 gold pieces.
You spent 7852 gold pieces at shops.

Inventory:

Hand Weapons
 P - a +0 hand cannon of freezing
Missiles
 k - 10 javelins
 J - 3 silver javelins
 T - 42 boomerangs (quivered)
Armour
 g - the cursed +18 shield of the Gong (worn) {Loud rN+ Will+ rCorr EV-5, Range, Self}
   (You bought it in a shop on level 2 of the Vaults)

   Loud:      It is deafeningly noisy when blocking attacks.
   EV-5:      It affects your evasion (-5).
   rN+:       It protects you from negative energy.
   Will+:     It increases your willpower.
   rCorr:     It protects you from acid and corrosion.
   It has a curse which improves the following skills: Ranged Combat: Ranged
   Weapons and Throwing.
   Introspection: Fighting and Spellcasting.
 n - the cursed +2 helmet of Ashenzari's Omen (worn) {Dev, Fort}
   (You found it on level 5 of the Lair of Beasts)

   It has a curse which improves the following skills: Devices: Evocations and
   Shapeshifting.
   Fortitude: Armour and Shields.
 q - the cursed +0 pair of gloves of the Esoteric Loss (worn) {Self, Melee}
   (You found it on level 7 of the Dungeon)

   It has a curse which improves the following skills: Introspection: Fighting
   and Spellcasting.
   Melee Combat: Short Blades, Long Blades, Axes, Maces & Flails, Polearms,
   Staves and Unarmed Combat.
 A - the cursed +1 cloak of the Mantic Scepticism (worn) {rPois rN+ Str+2, Cun, Fort}
   (You bought it in a shop on level 2 of the Orcish Mines)

   Str+2:     It affects your strength (+2).
   rPois:     It protects you from poison rN+: It protects you from negative
   energy.
   It has a curse which improves the following skills: Cunning: Dodging and
   Stealth.
   Fortitude: Armour and Shields.
 B - the cursed +2 pair of boots of Ashenzari's Shame (worn) {rampage, Dev, Bglg}
   (You bought it in a shop on level 12 of the Dungeon)

   It has a curse which improves the following skills: Devices: Evocations and
   Shapeshifting.
   Beguiling: Hexes and Translocations.
 Q - the cursed +10 storm dragon scales of the Cursed Failure (worn) {rElec, Bai Suzhen, Fort, Melee}
   (You found it on level 1 of the Depths)

   rElec:     It insulates you from electricity.
   It has a curse which improves the following skills: Fortitude: Armour and
   Shields.
   Melee Combat: Short Blades, Long Blades, Axes, Maces & Flails, Polearms,
   Staves and Unarmed Combat.
Jewellery
 b - the amulet "Xefickix" {Acrobat rF++}
   (You took it off a deep elf demonologist on level 3 of the Elven Halls)

   [amulet of the acrobat]

   Acrobat:   It increases your evasion while moving and waiting.
   rF++:      It greatly protects you from fire.
 t - a ring of protection from fire
 u - a ring of fire
 x - the cursed brooch of Shielding (around neck) {Spirit SH+8, Self, Melee}
   (You acquired it on level 1 of the Elven Halls)

   [amulet of guardian spirit]

   Spirit:    It causes incoming damage to be divided between your reserves of
   health and magic.
   SH+8:      It affects your SH (+8).
   It has a curse which improves the following skills: Introspection: Fighting
   and Spellcasting.
   Melee Combat: Short Blades, Long Blades, Axes, Maces & Flails, Polearms,
   Staves and Unarmed Combat.
 z - a ring of fire
 D - the cursed ring "Thunder Perfect Mind" (right hand) {rCorr Str+3 Int+6 Dex+2, Dev, Melee}
   (You acquired it on level 4 of the Dungeon)

   [ring of intelligence]

   Str+3:     It affects your strength (+3).
   Int+6:     It affects your intelligence (+6).
   Dex+2:     It affects your dexterity (+2).
   rCorr:     It protects you from acid and corrosion.
   It has a curse which improves the following skills: Devices: Evocations and
   Shapeshifting.
   Melee Combat: Short Blades, Long Blades, Axes, Maces & Flails, Polearms,
   Staves and Unarmed Combat.
 Z - the cursed ring of the Bound Sage (left hand) {SInv, Range, Dev}
   (You found it on level 3 of the Dungeon)

   [ring of see invisible]

   SInv:      It lets you see invisible.
   It has a curse which improves the following skills: Ranged Combat: Ranged
   Weapons and Throwing.
   Devices:   Evocations and Shapeshifting.
Talismans
 d - a flux talisman
 s - a beast talisman
Wands
 e - a wand of quicksilver (5)
 w - a wand of mindburst (15)
 I - a wand of iceblast (29)
 S - a wand of charming (42)
 V - a wand of flame (60)
 X - a wand of digging (19)
Scrolls
 f - 4 scrolls of silence
 l - a scroll of summoning
 o - 17 scrolls of teleportation
 p - 3 scrolls of torment
 E - 8 scrolls of fear
 F - 12 scrolls of fog
 K - 10 scrolls of vulnerability
 N - 9 scrolls of immolation
 O - 12 scrolls of poison
 R - 9 scrolls of enchant armour
 U - 3 scrolls of blinking
Potions
 c - a potion of cancellation
 h - 8 potions of haste
 i - 6 potions of invisibility
 j - 2 potions of berserk rage
 m - 2 potions of magic
 r - 11 potions of ambrosia
 v - 9 potions of enlightenment
 C - 13 potions of curing
 G - 4 potions of mutation
 H - 4 potions of heal wounds
 L - 6 potions of lignification
 M - 7 potions of might
 W - 2 potions of resistance
 Y - 6 potions of attraction
Miscellaneous
 a - a phantom mirror
 y - a sack of spiders


   Skills:
 * Level 25.2(27) Fighting
 * Level 20.3(23.1) Throwing
 * Level 25.7(27) Armour
 - Level 11.5(13.6) Dodging
 - Level 7.3(9.5) Stealth
 * Level 22.5(26.2) Shields
 - Level 22.4(27) Unarmed Combat
 - Level 8.8(13.0) Spellcasting
 - Level 3.1(5.0) Hexes
 - Level 12.9(15.0) Translocations
 - Level 4.9(9.6) Evocations
 - Level 3.5(7.8) Shapeshifting


You had 33 spell levels left.
You knew the following spells:

 Your Spells              Type           Power      Damage    Failure   Level
a - Manifold Assault      Tloc           60%        N/A       1%          4
b - Dispersal             Tloc           30%        N/A       3%          6
c - Dimensional Bullseye  Hex/Tloc       23%        N/A       1%          4
l - Lesser Beckoning      Tloc           100%       N/A       1%          2
A - Apportation           Tloc           100%       N/A       1%          1
B - Blink                 Tloc           100%       N/A       1%          2

Your spell library contained the following spells:

 Spells                   Type           Power      Damage    Failure   Level
 Slow                     Hex            100%       N/A       1%          1
 Momentum Strike          Conj/Tloc      76%        3d10      1%          2
 Gell's Gravitas          Tloc           60%        N/A       1%          3
 Teleport Other           Tloc           60%        N/A       1%          3
 Volatile Blastmotes      Fire/Tloc      76%        2d16      1%          3
 Confusing Touch          Hex            29%        N/A       4%          3
 Sigil of Binding         Hex            29%        N/A       4%          3
 Vhi's Electric Charge    Tloc/Air       76%        N/A       4%          4
 Ensorcelled Hibernation  Hex/Ice        40%        N/A       6%          2
 Foxfire                  Conj/Fire      44%        2x1d6     11%         1
 Freeze                   Ice            44%        1d6       11%         1
 Kiss of Death            Conj/Necr      44%        2d8       11%         1
 Magic Dart               Conj           44%        1d5       11%         1
 Necrotise                Necr           44%        1d6       11%         1
 Sandblast                Erth           22%        2d7       11%         1
 Shock                    Conj/Air       44%        1d5       11%         1
 Sting                    Conj/Alch      44%        1d5       11%         1
 Summon Small Mammal      Summ           44%        N/A       11%         1
 Dazzling Flash           Conj/Hex       40%        N/A       12%         3
 Inner Flame              Hex/Fire       20%        N/A       12%         3
 Summon Forest            Summ/Tloc      19%        N/A       14%         5
 Call Imp                 Summ           22%        N/A       17%         2
 Mercury Vapours          Alch/Air       22%        N/A       17%         2
 Scorch                   Fire           22%        2d5       17%         2
 Sublimation of Blood     Necr           11%        N/A       17%         2
 Call Canine Familiar     Summ           11%        N/A       32%         3
 Frozen Ramparts          Ice            22%        1d4       32%         3
 Fugue of the Fallen      Necr           11%        N/A       32%         3
 Hailstorm                Conj/Ice       11%        3d6       32%         3
 Mephitic Cloud           Conj/Alch/Air  11%        N/A       32%         3
 Ozocubu's Armour         Ice            11%        N/A       32%         3
 Summon Ice Beast         Ice/Summ       11%        N/A       32%         3
 Swiftness                Air            11%        N/A       32%         3
 Vampiric Draining        Necr           11%        2d6       32%         3
 Anguish                  Hex/Necr       10%        N/A       36%         4
 Airstrike                Air            5%         2d(1-17)  73%         4
 Dispel Undead            Necr           11%        3d9       73%         4
 Flame Wave               Conj/Fire      11%        2d6       73%         4
 Leda's Liquefaction      Alch/Erth      5%         N/A       73%         4
 Martyr's Knell           Necr/Summ      11%        N/A       73%         4
 Olgreb's Toxic Radiance  Alch           11%        N/A       73%         4
 Petrify                  Alch/Erth      11%        N/A       73%         4
 Summon Blazeheart Golem  Fire/Summ      11%        N/A       73%         4
 Summon Lightning Spire   Summ/Air       11%        N/A       73%         4
 Metabolic Englaciation   Hex/Ice        10%        N/A       73%         5
 Silence                  Hex/Air        10%        N/A       73%         5
 Summon Mana Viper        Hex/Summ       20%        N/A       73%         5
 Yara's Violent Unravell  Hex/Alch       10%        3d6       73%         5
 Alistair's Intoxication  Alch           7%         N/A       97%         5
 Arcjolt                  Conj/Air       5%         1d15      97%         5
 Borgnjor's Vile Clutch   Necr/Erth      5%         N/A       97%         5
 Curse of Agony           Necr           11%        N/A       97%         5
 Freezing Cloud           Conj/Ice/Air   5%         6-21      97%         5
 Irradiate                Conj/Alch      5%         3d13      97%         5
 Iskenderun's Battlesphe  Conj           11%        2d7       97%         5
 Lee's Rapid Deconstruct  Erth           5%         3d6*      97%         5
 Bombard                  Conj/Erth      5%         9d2       100%        6
 Eringya's Noxious Bog    Alch           5%         4d6       100%        6
 Plasma Beam              Fire/Air       5%         2x1d16    100%        6
 Sculpt Simulacrum        Ice/Alch       5%         N/A       100%        6
 Starburst                Conj/Fire      5%         6d4       100%        6
 Summon Cactus Giant      Summ           5%         N/A       100%        6
 Haunt                    Necr/Summ      5%         N/A       100%        7
 Ozocubu's Refrigeration  Ice            5%         4d8       100%        7
 Spellforged Servitor     Conj/Summ      5%         N/A       100%        7
 Summon Hydra             Summ           5%         N/A       100%        7
 Borgnjor's Revivificati  Necr           5%         N/A       100%        8
 Discord                  Hex            14%        N/A       100%        8
 Infestation              Necr           5%         N/A       100%        8
 Lehudib's Crystal Spear  Conj/Erth      5%         10d3      100%        8
 Maxwell's Capacitive Co  Air            5%         ∞         100%        8
 Chain Lightning          Conj/Air       5%         3d7       100%        9
 Fire Storm               Conj/Fire      5%         8d2       100%        9
 Shatter                  Erth           5%         3d8*      100%        9


Dungeon Overview and Level Annotations

Branches:
Dungeon (15/15)            Temple (0/1) D:6            Lair (5/5) D:11
 Shoals (4/4) Lair:2       Spider (4/4) Lair:3        Slime (5/5) Lair:5
    Orc (2/2) D:12            Elf (3/3) Orc:2        Vaults (4/5) D:14
  Crypt (0/3) Vaults:3     Depths (4/4) D:15            Zot (5/5) Depths:4
  Sewer (visited)           IceCv (visited)          WizLab (visited)

Altars:
Ashenzari
Elyvilon
Gozag
Hepliaklqana
Makhleb
Sif Muna
Trog
Vehumet
Wu Jian
Xom
The Shining One
Jiyva
Lugonu

Shops:
D:7 *   D:9 =   D:12 ?[[(   D:13 (   Orc:2 *(:[   Vaults:2 ?(([?   Vaults:4 :
Depths:1 [[   Depths:3 ?   Depths:4 [

Portals:
Hell: Depths:1 Depths:2 Depths:3 Depths:4
Abyss: Lair:5 Depths:1 Depths:3 Depths:4
Pandemonium: Depths:2 Depths:3 Depths:4
Ziggurat: Depths:3
Trove: D:10 (give 3 scrolls of blinking)

Annotations:
D:3 3 runed translucent doors, rozman's ghost, amateur OpSh
D:9 4 transporters
Elf:2 6 runed translucent doors


Innate Abilities, Weirdness & Mutations

You are amphibious.
You cover ground slowly.
You can hop long distances.
You have an extended range of vision and can be seen from far away.
Your muscles are strong. (Str +4, Int/Dex -1)
Potions are less effective at restoring your health.
You sometimes lose the ability to drink potions when taking damage.
You expend magic power (3 MP) to strengthen your wands.
You passively dampen the noise of your surroundings.


Message History

You pummel the reaper like a punching bag!!!
The reaper is heavily wounded.
You block the demonspawn warmonger's attack.
PTOANNNG!
You block the reaper's attack.
GONNNNG!
You hit the reaper but do no damage.
The reaper is heavily wounded.
You punch the reaper!
The reaper is severely wounded.
You block the reaper's attack.
BONNNG!
You pulverise the reaper!!!
You kill the reaper!
The demonspawn warmonger closely misses you.
You rampage towards the demonspawn warmonger!
You squash the demonspawn warmonger like an ant!!!
The demonspawn warmonger is moderately wounded.
You pummel the demonspawn warmonger!!
The demonspawn warmonger is heavily wounded.
You pummel the demonspawn warmonger!!
The demonspawn warmonger is severely wounded.
You block the demonspawn warmonger's attack.
PTOANNNG!
You block the demonspawn warmonger's attack.
BONNNG!
You block the demonspawn warmonger's attack.
BONNNG!
You pummel the demonspawn warmonger like a punching bag!!!
You kill the demonspawn warmonger!
Things that are here:
a +2 heavy bardiche; a +2 plate armour of cold resistance; a demonspawn corpse
Items here: )))) [ ÷÷÷.
There is a stone staircase leading up here.
You climb upwards.
There is a stone staircase leading down here.
What level of the Dungeon? (default 1, ? - help)
There is a stone staircase leading up here.
You climb upwards.
There is a stone staircase leading down here.
Things that are here:
4 stones; a +0 whip
There is a stone staircase leading up, spattered with blood here.
You climb upwards.
Level annotation: 3 runed translucent doors, rozman's ghost, amateur OpSh
There is a stone staircase leading down here.
There is a stone staircase leading up here.
You climb upwards.
There is a stone staircase leading down here.
A large abomination comes into view.
You rampage towards the large abomination!
You pound the large abomination into fine dust!!!
The large abomination is severely damaged.
You pulverise the large abomination!!!
You destroy the large abomination!
No target in view!
No target in view!
No target in view!
A blizzard demon comes into view.
What level of the Dungeon? (default 1, ? - help)
A blizzard demon is nearby!
The blizzard demon waves its arms in wide circles.
The air twists around and strikes you!
You rampage towards the blizzard demon!
You rampage towards the blizzard demon!
You block the blizzard demon's attack.
PTOANNNG!
You block the blizzard demon's attack.
PTOANNNG!
You hit the blizzard demon but do no damage.
You punch the blizzard demon!
The blizzard demon is moderately wounded.
The blizzard demon gestures at you.
The bolt of cold hits you but does no damage.
You squash the blizzard demon like an ant!!!
The blizzard demon is severely wounded.
You pummel the blizzard demon!!
You kill the blizzard demon!
No target in view!
No target in view!
What level of the Dungeon? (default 1, ? - help) Magic restored.
There is a stone staircase leading up here.
You climb upwards.
There is a stone staircase leading down here.
HP restored.
You see here a +0 dagger.
A chaos spawn comes into view.
You squash the chaos spawn like an ant!!!
You kill the chaos spawn!
The chaos spawn degenerates into a cloud of primal chaos!
No target in view!
No target in view!
Okay, then.
Hop to where?
Press: ? - help, Dir - move target Boing!
Blink to where?
Press: ? - help, Dir - move target
As you read the scroll of blinking, it crumbles to dust.
You have escaped!

##...#.## #......#
#.....#.# #. ##..#..#
#....#(# #.....#.# #.
#...#.#
##....#####.....#.# #.
##..#.#
##....##.#.......'.# #.
#....#
#.....#..#.......### #.
####..##
#....#...#......## ##.
#.##.##
##.......#######.#####..
#..#..# #........##
#.......#
#.....###......@..#
#####..##
##....##..........#
#..## #....##.........##
#.... #.....#.......###
#.##. ##....§....####
#.... ##......### #..#.
########## ##..## ##
#......# ##..... .#
#......# #..####


There were no monsters in sight!

Vanquished Creatures
  the Royal Jelly (Slime:5)
  Frederick (Vaults:4)
  4 dread liches (Zot:5)
  An ancient lich (Zot:5)
  9 orbs of fire
  Mara (Depths:2)
  Xtahua (Vaults:2)
  Sojobo (Depths:1)
  7 Killer Klowns
  Saint Roka (Vaults:1)
  2 curse toes
  Bai Suzhen (Depths:1)
  4 caustic shrikes (Depths:4)
  Nikola (Spider:3)
  18 golden dragons
  A Hellbinder (WizLab)
  the Enchantress (Depths:2)
  3 electric golems (Zot:5)
  A hellephant (WizLab)
  27 Orb Guardians
  Mlioglotl (Shoals:4)
  18 tentacled monstrosities
  6 liches (Depths:2)
  A walking divine tome (Depths:1)
  2 deep elf blademasters (Elf:3)
  4 deep elf master archers (Elf:3)
  A kraken (Shoals:3)
  9 quicksilver dragons
  10 sphinxes
  9 death cobs
  24 acid blobs
  An Executioner (D:9)
  A tentacled starspawn (Abyss:2)
  Frances (D:14)
  3 shadow dragons
  7 tengu reavers
  11 storm dragons
  Donald (Shoals:3)
  Aizul (Shoals:4)
  5 draconian knights
  A demonspawn warmonger (D:6)
  12 draconian monks
  12 azure jellies
  4 protean progenitors
  8 rockslimes
  Roxanne (Spider:3)
  7 fire giants
  4 emperor scorpions
  9 vault wardens
  2 balrugs (WizLab)
  7 draconian scorchers
  6 draconian shifters
  10 frost giants
  9 deep elf sorcerers
  6 ghost moths
  11 deep elf elementalists
  2 broodmothers
  6 draconian stormcallers
  3 draconian annihilators
  2 reapers
  A cacodemon (WizLab)
  12 quicksilver oozes
  7 spriggan defenders
  10 ironbound preservers
  16 stone giants
  20 very ugly things
  8 formless jellyfish
  20 green draconians
  15 ironbound thunderhulks
  Nessos (Lair:4)
  4 deep elf annihilators
  4 deep elf demonologists (Elf:3)
  A demonspawn black sun (Depths:3)
  16 black draconians
  2 vampire knights
  Azrael (D:15)
  14 dire elephants
  5 war gargoyles
  3 deep elf death magi
  5 lorocyprocas
  14 red draconians
  13 purple draconians
  13 white draconians
  4 spark wasps
  16 yellow draconians
  5 merfolk javelineers
  4 blizzard demons
  A green death (WizLab)
  8 ettins
  8 merfolk impalers
  Josephine (D:12)
  4 entropy weavers
  7 fire dragons
  4 deep elf high priests
  7 great orbs of eyes
  15 yaktaur captains
  5 vault guards
  10 ice dragons
  14 centaur warriors
  3 jorogumos
  3 hell beasts (WizLab)
  2 death knights (Vaults:3)
  8 spriggan air magi
  Erica (D:8)
  3 peacekeepers
  6 ironbound frosthearts
  11 boulder beetles
  2 catoblepae
  10 death yaks
  5 hydras
  A death scarab (Spider:3)
  A radroach (Spider:4)
  4 merfolk avatars
  3 merfolk aquamancers (Shoals:4)
  A satyr (Shoals:4)
  15 spriggan berserkers
  4 two-headed ogres
  9 dancing weapons
  15 deep troll earth magi
  14 deep troll shamans
  11 tengu warriors
  A shock serpent (shapeshifter) (Depths:3)
  5 thrashing horrors
  Urug (D:12)
  9 demonic crawlers
  An orc high priest (Elf:1)
  10 deep elf knights
  2 soul eaters
  5 skysharks
  A salamander mystic (Depths:4)
  17 hell knights
  2 occultists (Depths:1)
  2 sun demons (WizLab)
  11 pharaoh ants
  A deep troll (shapeshifter) (Depths:2)
  2 sixfirhies (WizLab)
  Lodul (D:11)
  A shadow wraith (Vaults:3)
  11 iron trolls
  2 wretched stars
  10 arcanists
  4 glowing orange brains
  A flayed ghost (Depths:3)
  45 deep trolls
  A shadow demon (D:9)
  2 sun moths (Spider:3)
  6 sea snakes
  7 orb spiders
  2 bog bodies (Shoals:1)
  19 harpies
  11 steelbarb worms
  Pikel (D:7)
  14 lindwurms
  9 deep elf archers
  17 deep elf zephyrmancers
  16 ironbound convokers
  2 phantasmal warriors
  42 ugly things
  10 shining eyes
  16 wolf spiders
  5 large abominations
  10 necromancers
  2 orc knights (Vaults:1)
  18 deep elf pyromancers
  4 oklob plants
  10 manticores
  2 orc sorcerers
  7 fauns
  3 salamanders (Depths:4)
  A wolf spider (shapeshifter) (Depths:3)
  14 cyclopes
  27 moths of wrath
  2 rust devils (WizLab)
  15 meliai
  A mana viper (shapeshifter) (Depths:2)
  5 water nymphs
  Joseph (D:7)
  3 kobold blastminers
  2 black mambas (shapeshifter)
  A black mamba (Lair:4)
  7 merfolk sirens
  11 elephants
  4 torpor snails
  An ice statue (IceCv)
  7 smoke demons
  14 vault sentinels
  3 cane toads (shapeshifter)
  4 eyes of devastation
  10 cane toads
  Maggie (D:8)
  6 unseen horrors
  8 rime drakes
  2 kobold demonologists
  A komodo dragon (shapeshifter) (Elf:1)
  44 yaktaurs
  14 komodo dragons
  5 tengu conjurers
  3 efreet
  3 orange demons
  A freezing wraith (Vaults:3)
  3 trolls (shapeshifter)
  Psyche (D:9)
  2 red devils (WizLab)
  32 merfolk
  7 wind drakes
  A polar bear (shapeshifter) (Lair:5)
  8 trolls
  A wind drake (shapeshifter) (D:15)
  4 polar bears (IceCv)
  3 hellwings
  21 blink frogs
  Grinder (D:6)
  5 hornets
  5 raiju
  21 tarantellas
  2 glass eyes (Depths:2)
  7 dream sheep
  11 snapping turtles
  45 jumping spiders
  110 slime creatures
  2 air elementals (Elf:1)
  A human simulacrum (Vaults:3)
  6 spriggans
  25 water elementals
  A vampire (D:10)
  Sigmund (D:2)
  50 yaks
  4 shadows
  6 wraiths
  5 wyverns
  18 culicivoras
  2 ynoxinuls
  2 fire bats
  9 fire elementals
  10 starcursed masses (Abyss:2)
  A human (D:12)
  7 golden eyes (Slime:3)
  5 basilisks
  2 death yak simulacra (Lair:1)
  32 redbacks
  A steam dragon (D:7)
  A yaktaur simulacrum (Vaults:1)
  4 wargs
  2 chaos spawn
  4 vampire mosquitoes
  An acid dragon (D:11)
  5 hell hounds
  16 water moccasins
  2 black bears
  14 orc warriors
  2 sky beasts (D:7)
  3 laughing skulls
  25 wolves
  10 ogres
  7 centaurs
  4 boggarts
  2 phantoms
  2 kobold brigands (D:10)
  A brain worm (Abyss:2)
  3 elf zombies (Elf:1)
  2 earth elementals (Elf:2)
  13 bullfrogs
  2 gnoll sergeants
  6 scorpions
  14 small abominations (Lair:5)
  2 human skeletons (Vaults:3)
  16 wights
  32 killer bees
  9 howler monkeys
  9 electric eels
  A bombardier beetle (D:3)
  30 jellies
  6 hounds
  14 orc priests
  Jessica (D:2)
  3 iguanas (D:7)
  3 sleepcaps (D:7)
  Crazy Yiuf (D:4)
  Terence (D:2)
  Natasha (thrice) (D:4)
  24 orc wizards
  2 polar bear simulacra (Lair:1)
  A wolf simulacrum (Lair:1)
  Robin (D:3)
  7 adders
  12 gnolls
  2 river rats (D:6)
  2 shadow imps
  3 white imps
  2 ufetubi (D:5)
  11 dart slugs
  2 ribbon worms
  55 orcs
  2 bats
  17 endoplasms
  19 giant cockroaches
  12 goblins
  18 hobgoblins
  7 quokkas
  15 ball pythons
  7 frilled lizards
  12 kobolds
  3 rats
  An aspiring flesh (Zot:2)
  A tentacle (Shoals:3)
2370 creatures vanquished.

Vanquished Creatures (collateral kills)
  A rockslime (Slime:4)
  An azure jelly (Slime:4)
  A vault warden (Vaults:2)
  Louise (Spider:1)
  An ironbound frostheart (Vaults:2)
  A death yak (IceCv)
  An orc knight (Orc:2)
  A rime drake (IceCv)
  2 slime creatures (Slime:4)
  4 yaks (IceCv)
  An orc (Orc:2)
15 creatures vanquished.

Vanquished Creatures (others)
  Asterion (Depths:1)
  A red draconian (Zot:5)
  A white draconian (Zot:1)
  A spriggan berserker (Elf:3)
  A deep elf zephyrmancer (Elf:3)
  A deep elf pyromancer (Elf:2)
  An arcanist (D:3)
  A tarantella (Spider:1)
  A culicivora (Spider:1)
  A spriggan (Depths:4)
  A water moccasin (D:8)
  A wight (D:8)
  An adder (D:4)
  2 orcs (D:8)
  A quokka (D:4)
  2 starspawn tentacles (Abyss:2)
  10 tentacles (Shoals:3)
28 creatures vanquished.

Grand Total: 2413 creatures vanquished

Notes
Turn   | Place    | Note
-------+----------+-------------------------------------------
     0 | D:1      | browni3141 the Barachi Shapeshifter began the quest for the
                  | Orb.
     0 | D:1      | Reached XP level 1. HP: 15/15 MP: 1/1
   181 | D:1      | Reached XP level 2. HP: 21/21 MP: 2/2
   885 | D:2      | Reached XP level 3. HP: 27/27 MP: 3/3
   899 | D:2      | Found a faded altar of an unknown god.
  1052 | D:2      | Noticed Jessica
  1058 | D:2      | Killed Jessica
  1059 | D:2      | Reached XP level 4. HP: 25/34 MP: 4/4
  1165 | D:2      | Noticed Terence
  1176 | D:2      | Killed Terence
  1177 | D:2      | Reached skill level 3 in Fighting
  1363 | D:2      | Found a broken altar of Ashenzari.
  1468 | D:2      | Noticed Sigmund
  1479 | D:2      | Killed Sigmund
  1480 | D:2      | Reached skill level 6 in Unarmed Combat
  1480 | D:2      | Reached XP level 5. HP: 40/42 MP: 5/5
  1480 | D:2      | Reached XP level 6. HP: 46/48 MP: 6/6
  1639 | D:2      | Became a worshipper of Ashenzari the Shackled
  1674 | D:3      | Noticed Robin
  1710 | D:3      | Killed Robin
  2248 | D:3      | Found a runed translucent gate.
  2248 | D:3      | Found a runed translucent gate.
  2490 | D:3      | Identified the +2 ring mail of the Heavens {*Slow rC+
                  | Regen+}
  2774 | D:3      | Found an opulent altar of Gozag.
  2775 | D:3      | Found a runed translucent gate.
  2777 | D:3      | Noticed rozman's ghost (amateur OpSh)
  2858 | D:3      | Found a bloodstained altar of Trog.
  2861 | D:3      | Noticed a wizard
  2864 | D:3      | Killed a wizard
  3002 | D:3      | Reached * piety under Ashenzari
  3089 | D:4      | Reached XP level 7. HP: 53/55 MP: 7/7
  3224 | D:4      | Found a white marble altar of Elyvilon.
  3275 | D:4      | Noticed Natasha
  3286 | D:4      | Killed Natasha
  3333 | D:4      | Identified a scroll of acquirement
  3334 | D:4      | Acquired the ring "Fedaxupp" {rCorr Str+3 Int+6 Dex+2}
  3379 | D:4      | Found a runed translucent door.
  3379 | D:4      | Identified the +3 hammer "Ehopazxe" {flame, Int+3}
  3380 | D:4      | Noticed Crazy Yiuf
  3533 | D:4      | Reached skill level 3 in Dodging
  3566 | D:4      | Noticed Natasha
  3573 | D:4      | Killed Natasha
  3573 | D:4      | Noticed Natasha
  3578 | D:4      | Killed Natasha
  3714 | D:4      | Killed Crazy Yiuf
  3754 | D:5      | Entered Level 5 of the Dungeon
  3761 | D:5      | Reached skill level 6 in Fighting
  3797 | D:5      | Found the amulet of Elemental Vulnerability {rPois rF--
                  | rC-- AC+8}
  3925 | D:5      | Reached XP level 8. HP: 64/64 MP: 8/8
  4196 | D:5      | Reached ** piety under Ashenzari
  4243 | D:5      | Reached skill level 3 in Armour
  4710 | D:6      | Found a glowing drain.
  4724 | Sewer    | Entered a sewer
  5210 | D:6      | Noticed Grinder
  5232 | D:6      | Killed Grinder
  5233 | D:6      | Reached skill level 6 in Dodging
  5233 | D:6      | Reached XP level 9. HP: 65/76 MP: 9/9
  5250 | D:6      | Found a staircase to the Ecumenical Temple.
  5339 | D:6      | Found a shimmering blue altar of Sif Muna.
  5659 | D:7      | Noticed Joseph
  5678 | D:7      | Killed Joseph
  5679 | D:7      | Reached skill level 3 in Throwing
  5776 | D:7      | Reached skill level 6 in Armour
  5813 | D:7      | Reached skill level 3 in Shields
  5881 | D:7      | Found Lekamam's Assorted Antiques.
  5903 | D:7      | Noticed Pikel
  5920 | D:7      | Killed Pikel
  5921 | D:7      | Reached XP level 10. HP: 76/85 MP: 10/10
  5950 | D:7      | Bought a scroll labelled DUR WENKECIW for 31 gold pieces
  6095 | D:7      | Reached *** piety under Ashenzari
  6171 | D:7      | Found a hazy altar of Hepliaklqana.
  6795 | D:8      | Noticed Erica
  6804 | D:8      | Killed Erica
  6805 | D:8      | Reached skill level 9 in Armour
  6946 | D:8      | Reached **** piety under Ashenzari
  7036 | D:8      | Learned a level 2 spell: Blink
  7417 | D:8      | Noticed Maggie
  7436 | D:8      | HP: 4/88 [Maggie/bolt of fire (9)]
  7517 | D:8      | Killed Maggie
  7518 | D:8      | Reached skill level 9 in Fighting
  7589 | D:8      | Found a radiant altar of Vehumet.
  8086 | D:9      | Reached XP level 11. HP: 95/95 MP: 11/11
  8127 | D:9      | Reached ***** piety under Ashenzari
  8137 | D:9      | Found Nayfigg's Jewellery Shoppe.
  8207 | D:9      | Noticed a two-headed ogre
  8217 | D:9      | Killed a two-headed ogre
  8218 | D:9      | Reached skill level 3 in Translocations
  8399 | D:9      | Found a transporter.
  8560 | D:9      | Found a transporter.
  8560 | D:9      | Noticed a two-headed ogre
  8575 | D:9      | Killed a two-headed ogre
  8576 | D:9      | Reached skill level 3 in Evocations
  8596 | D:9      | Found a transporter.
  8759 | D:9      | Found a transporter.
  8869 | D:10     | Entered Level 10 of the Dungeon
  8914 | D:10     | Found an ornate altar of the Wu Jian Council.
  9091 | D:10     | Noticed Psyche
  9093 | D:10     | Noticed a two-headed ogre
  9115 | D:9      | Killed Psyche
  9116 | D:9      | Reached skill level 6 in Shields
  9430 | D:10     | Killed a two-headed ogre
  9506 | D:10     | Found a portal to a secret trove of treasure.
  9721 | D:10     | Noticed a sun demon
  9731 | D:9      | Noticed a sixfirhy
  9944 | D:11     | Noticed Lodul
  9947 | D:11     | Killed Lodul
  9953 | D:11     | Reached XP level 12. HP: 97/110 MP: 19/19
 10020 | D:11     | Found a staircase to the Lair.
 10621 | Lair:1   | Entered Level 1 of the Lair of Beasts
 10799 | Lair:1   | Reached skill level 9 in Unarmed Combat
 10800 | Lair:1   | Reached skill level 6 in Throwing
 10919 | Lair:1   | Found a frozen archway.
 11001 | IceCv    | Entered an ice cave
 11133 | IceCv    | Noticed a death yak
 11147 | IceCv    | Killed a death yak
 11274 | IceCv    | Noticed a frost giant
 11276 | IceCv    | Noticed a death yak
 11290 | IceCv    | Killed a death yak
 11292 | IceCv    | Reached skill level 12 in Unarmed Combat
 11310 | IceCv    | Killed a frost giant
 11311 | IceCv    | Gained mutation: You can hop long distances. [Barachi
                  | growth]
 11311 | IceCv    | Reached XP level 13. HP: 89/112 MP: 19/19
 12390 | Lair:2   | Reached skill level 15 in Unarmed Combat
 12431 | Lair:2   | Found a staircase to the Shoals.
 13028 | Lair:3   | Learned a level 2 spell: Lesser Beckoning
 13200 | Lair:3   | Reached XP level 14. HP: 97/121 MP: 20/20
 13335 | Lair:3   | Reached skill level 12 in Armour
 13392 | Lair:3   | Found a hole to the Spider Nest.
 14365 | Lair:4   | Identified the +1 rapier of Circularity {freeze, rPois rF-
                  | Str+6 SInv}
 14370 | Lair:4   | Noticed Nessos
 14374 | Lair:4   | Killed Nessos
 15030 | Lair:5   | Entered Level 5 of the Lair of Beasts
 15307 | Lair:5   | Found a staircase to the Slime Pits.
 15968 | Lair:5   | Reached XP level 15. HP: 122/129 MP: 21/21
 16038 | Lair:5   | Reached skill level 9 in Dodging
 16082 | Lair:5   | Reached skill level 9 in Shields
 16091 | Lair:5   | Reached skill level 12 in Fighting
 16133 | Lair:5   | Found a corrupted altar of Lugonu.
 16133 | Lair:5   | Found a one-way gate to the infinite horrors of the Abyss.
 16594 | D:12     | Noticed Josephine
 16613 | D:12     | Killed Josephine
 16688 | D:12     | Found a staircase to the Orcish Mines.
 16714 | D:12     | Found Galloy's Weapon Emporium.
 16897 | D:12     | Found Nuoduu Bour's Antique Armour Emporium.
 16904 | D:12     | Found Fuatido's Magic Scroll Boutique.
 16905 | D:12     | Bought a distressingly furry scale mail for 261 gold pieces
 16905 | D:12     | Identified the +1 scale mail of Kiampik {rC+ Str+2 Int+3
                  | Stlth+} (You bought it in a shop on level 12 of the
                  | Dungeon)
 16917 | D:12     | Bought a scroll of fog for 64 gold pieces
 16917 | D:12     | Bought a scroll of poison for 64 gold pieces
 16917 | D:12     | Bought a scroll of poison for 64 gold pieces
 16917 | D:12     | Bought a scroll of teleportation for 48 gold pieces
 16917 | D:12     | Bought a scroll of immolation for 64 gold pieces
 17119 | D:12     | Found Dyheq's Armour Emporium.
 17128 | D:12     | Bought a +1 pair of boots of rampaging for 264 gold pieces
 17324 | D:12     | Noticed Urug
 17329 | D:12     | Killed Urug
 17378 | Orc:1    | Entered Level 1 of the Orcish Mines
 17561 | Orc:2    | Entered Level 2 of the Orcish Mines
 17584 | Orc:2    | Found Ewycw's Book Boutique.
 17867 | Orc:2    | Found a staircase to the Elven Halls.
 17912 | Orc:2    | Found Tasoug's General Store.
 18053 | Orc:2    | Bought a potion of might for 40 gold pieces
 18070 | Orc:2    | Gained mutation: You have hidden genetic defects. [a
                  | neqoxec]
 18083 | Orc:2    | Reached skill level 9 in Throwing
 18217 | Orc:2    | Found Duanaup's Antique Weapon Emporium.
 18334 | Orc:2    | Found Togugo's Antique Armour Boutique.
 18479 | Orc:2    | Bought a fading cloak for 285 gold pieces
 18479 | Orc:2    | Identified the +1 cloak of the Eternal Fruit {rPois rN+
                  | Str+2} (You bought it in a shop on level 2 of the Orcish
                  | Mines)
 18736 | Orc:1    | Found a shimmering altar of Xom.
 19344 | D:13     | Gained mutation: You are vulnerable to cold. (rC-) [hidden
                  | defects]
 19373 | D:13     | Lost mutation: You have hidden genetic defects. [potion of
                  | mutation]
 19373 | D:13     | Lost mutation: You are vulnerable to cold. (rC-) [potion of
                  | mutation]
 19373 | D:13     | Gained mutation: Your muscles are strong. (Str +4, Int/Dex
                  | -1) [potion of mutation]
 19373 | D:13     | Gained mutation: Your muscles are very strong. (Str +8,
                  | Int/Dex -2) [potion of mutation]
 19670 | D:13     | Found Jiaben's Antique Weapon Shop.
 19965 | D:14     | Identified the +1 broad axe of Cytyoj Wedie {drain, Int+5}
 20356 | D:14     | Found a gate to the Vaults.
 20401 | D:14     | Noticed Frances
 20416 | D:14     | Killed Frances
 20417 | D:14     | Reached XP level 16. HP: 39/138 MP: 21/21
 20734 | D:14     | Found a radiant altar of Vehumet.
 21676 | D:15     | Entered Level 15 of the Dungeon
 21685 | D:15     | Found a broken altar of Ashenzari.
 21823 | D:15     | Reached skill level 18 in Unarmed Combat
 21900 | D:15     | Noticed Azrael
 21917 | D:15     | Killed Azrael
 22388 | D:15     | Found a staircase to the Depths.
 22744 | Spider:1 | Entered Level 1 of the Spider Nest
 22945 | Spider:1 | Reached skill level 3 in Stealth
 24301 | Spider:1 | Noticed Louise
 24569 | Spider:1 | Reached skill level 15 in Armour
 24921 | Spider:1 | Killed Louise
 25378 | Spider:2 | Reached XP level 17. HP: 147/147 MP: 22/22
 25657 | Spider:2 | Learned a level 4 spell: Manifold Assault
 26023 | Spider:3 | Noticed Nikola
 26052 | Spider:3 | Killed Nikola
 26556 | Spider:3 | Noticed Roxanne
 26571 | Spider:3 | Killed Roxanne
 26846 | Spider:4 | Entered Level 4 of the Spider Nest
 27496 | Spider:4 | Got a gossamer rune of Zot
 27615 | Spider:4 | Reached skill level 12 in Shields
 28051 | Spider:4 | Reached XP level 18. HP: 146/156 MP: 23/23
 28496 | Shoals:1 | Entered Level 1 of the Shoals
 28576 | Shoals:1 | Reached skill level 15 in Fighting
 28714 | Shoals:1 | Reached skill level 6 in Stealth
 30874 | Shoals:3 | Learned a level 6 spell: Dispersal
 31115 | Shoals:3 | Noticed Donald
 31133 | Shoals:3 | Killed Donald
 31142 | Shoals:3 | Found a glowing golden altar of the Shining One.
 31152 | Shoals:3 | Reached skill level 6 in Translocations
 31829 | Shoals:4 | Entered Level 4 of the Shoals
 31959 | Shoals:4 | Identified the +8 halberd of Wu Jian's Indignation {pain,
                  | rC+}
 32196 | Shoals:4 | Identified the serpent talisman of Starshine {rElec MP+9
                  | Int-4}
 32196 | Shoals:4 | Noticed Aizul
 32208 | Shoals:4 | Killed Aizul
 32262 | Shoals:4 | Noticed Mlioglotl
 32272 | Shoals:4 | Killed Mlioglotl
 32357 | Shoals:4 | Reached skill level 3 in Spellcasting
 32721 | Shoals:4 | Paralysed by a formless jellyfish for 1 turns
 32765 | Shoals:4 | Reached XP level 19. HP: 72/165 MP: 26/28
 33139 | Shoals:4 | Got a barnacled rune of Zot
 33364 | Shoals:4 | Identified the +9 plate armour of the Kraken {rF+ Int+3
                  | Dex-3}
 33577 | Slime:1  | Entered Level 1 of the Pits of Slime
 33796 | Orc:2    | Bought the Book of the Petrous Jinx for 750 gold pieces
 33798 | Orc:2    | Learned a level 1 spell: Apportation
 33803 | Orc:2    | Learned a level 4 spell: Dimensional Bullseye
 33954 | Depths:1 | Entered Level 1 of the Depths
 33955 | Depths:1 | Found Zeubrid's Armour Emporium.
 33955 | Depths:1 | Noticed the Enchantress
 34181 | Depths:2 | Killed the Enchantress
 34640 | Depths:1 | Noticed Bai Suzhen
 34670 | Depths:1 | Killed Bai Suzhen
 34675 | Depths:1 | Identified the storm talisman of Quantum Leap {rC- Str+3
                  | Int+5 Stlth+}
 34675 | Depths:1 | Noticed Sojobo
 34741 | Depths:1 | Killed Sojobo
 35209 | Depths:1 | Reached skill level 3 in Hexes
 35846 | Depths:1 | Noticed Asterion
 35856 | Depths:1 | Killed Asterion
 36154 | Depths:1 | Found Itzinur's Armour Emporium.
 36658 | Depths:1 | Found a gateway to Hell.
 36783 | Depths:1 | Reached XP level 20. HP: 164/174 MP: 32/32
 36948 | Depths:1 | Found a burning altar of Makhleb.
 37398 | Depths:2 | Identified the +2 robe of Honour {rF+}
 37453 | Depths:2 | Reached skill level 6 in Spellcasting
 37859 | Depths:2 | Reached skill level 9 in Translocations
 38697 | Depths:2 | Reached skill level 12 in Throwing
 38752 | Depths:2 | Noticed Mara
 38768 | Depths:2 | Reached skill level 18 in Armour
 38785 | Depths:2 | Killed Mara
 39128 | Depths:2 | Paralysed by a sphinx for 5 turns
 39229 | Depths:2 | Identified the amulet of Ebla {RegenMP Str+2}
 39243 | Depths:2 | Paralysed by a sphinx for 4 turns
 39749 | Depths:2 | Identified the Papyrus of Chrysopoeia
 39906 | Depths:2 | Acquired 1261 gold pieces
 39923 | Depths:2 | Found a one-way gate leading to the halls of Pandemonium.
 39981 | Depths:2 | Identified the amulet of Suspicion {Acrobat rPois Dex+4}
 39990 | Depths:2 | Found the +8 autumn katana {manifold assault}
 40131 | Depths:2 | Reached XP level 21. HP: 184/184 MP: 35/35
 41005 | Depths:3 | Found a one-way gateway to a ziggurat.
 41420 | Depths:3 | Noticed a golden dragon
 41437 | Depths:3 | Killed a golden dragon
 41438 | Depths:3 | Reached skill level 15 in Shields
 41801 | Depths:3 | Identified the +4 ring mail "Maucasug" {rCorr}
 42468 | Depths:3 | Found Gisupseq's Magic Scroll Boutique.
 42480 | Depths:3 | Bought a scroll of vulnerability for 68 gold pieces
 42480 | Depths:3 | Bought a scroll of silence for 161 gold pieces
 42480 | Depths:3 | Bought a scroll of enchant armour for 127 gold pieces
 42805 | Elf:1    | Entered Level 1 of the Elven Halls
 43170 | Elf:1    | Paralysed by an air elemental for 1 turns
 43403 | Elf:1    | Acquired the brooch of Shielding {Spirit SH+8}
 43403 | Elf:1    | Found the brooch of Shielding {Spirit SH+8}
 43417 | Elf:1    | Identified the Cyclopedia of Ectoplasm
 43753 | Elf:2    | Found a runed translucent gate.
 43753 | Elf:2    | Found a runed translucent gate.
 43753 | Elf:2    | Found a runed translucent gate.
 43863 | Elf:2    | Reached skill level 18 in Fighting
 44113 | Elf:1    | Found a radiant altar of Vehumet.
 44323 | Elf:2    | Found a runed translucent gate.
 44324 | Elf:2    | Found a runed translucent gate.
 44324 | Elf:2    | Found a runed translucent gate.
 44357 | Elf:2    | Reached skill level 21 in Unarmed Combat
 44748 | Elf:3    | Entered Level 3 of the Elven Halls
 44868 | Abyss:2  | Cast into level 2 of the Abyss (a deep elf sorcerer)
 44869 | Abyss:2  | Found a corrupted altar of Lugonu.
 45046 | Abyss:3  | Found a corrupted altar of Lugonu.
 45051 | Abyss:3  | Got an abyssal rune of Zot
 45089 | Elf:3    | Escaped the Abyss
 45137 | Elf:3    | Reached XP level 22. HP: 112/194 MP: 27/38
 45427 | Elf:3    | Identified the +2 plate armour of Momykk {rPois rF+}
 45428 | Elf:3    | Identified the staff of War {rElec Will+ Air}
 45429 | Elf:3    | Identified the ring of Ethics {Fire Int+2 Stlth+}
 45443 | Elf:3    | Identified the +9 mace of Watchfulness {vamp, rF+}
 45487 | Elf:3    | Identified the +8 rapier of Qohaysia {venom, *Rage rF+++
                  | MP+9 Dex+3}
 45487 | Elf:3    | Identified the amulet "Xefickix" {Acrobat rF++}
 45596 | Elf:3    | Identified the +1 chain mail of Vlad {^Contam rN+ Will++}
 45601 | Elf:3    | Identified the +6 mace "Usuam" {holy, Int+3}
 45602 | Elf:3    | Identified Niudghar's Quarto of the Sky
 45602 | Elf:3    | Identified the staff of the Desolation of Salt {rElec rC+
                  | rN+ Tloc Air}
 46276 | Elf:3    | Found a bloodstained altar of Trog.
 46430 | Abyss:3  | Cast into level 3 of the Abyss (a deep elf sorcerer)
 46443 | Abyss:3  | Found a corrupted altar of Lugonu.
 46453 | Elf:3    | Escaped the Abyss
 46733 | Vaults:1 | Entered Level 1 of the Vaults
 47423 | Vaults:1 | Found a runed translucent door.
 47532 | Vaults:1 | Reached skill level 12 in Translocations
 47561 | Vaults:1 | Identified the +1 pair of gloves of the Game of Kings
                  | {SInv}
 47681 | Vaults:1 | Noticed Saint Roka
 47689 | Vaults:1 | Killed Saint Roka
 48475 | Vaults:2 | Reached XP level 23. HP: 185/205 MP: 37/40
 48479 | Vaults:2 | Noticed Xtahua
 48506 | Vaults:2 | Paralysed by Xtahua for 2 turns
 48518 | Vaults:2 | Killed Xtahua
 48554 | Vaults:2 | Found Plog's Antique Weapon Boutique.
 48578 | Vaults:2 | Found a magical portal.
 48651 | WizLab   | Entered The Hall of the Hellbinder
 49180 | WizLab   | Found a burning altar of Makhleb.
 49180 | WizLab   | Identified the +2 cloak of the Arena {Will+}
 49206 | WizLab   | Identified Xiubo's Opusculum on Formation
 49207 | WizLab   | Identified the ring "Duixumm" {Fly rF- rCorr MP+9 Str+5}
 49350 | Vaults:2 | Found Nedu's Antique Armour Boutique.
 49784 | Vaults:2 | Found Fesuw's Magic Scroll Boutique.
 49811 | Vaults:2 | Found Byaloff's Antique Weapon Shoppe.
 50155 | Vaults:2 | Found Yzafarph's Magic Scroll Shop.
 50411 | Vaults:2 | Bought the +18 shield of the Gong {Loud rN+ Will+ rCorr
                  | EV-5} for 4890 gold pieces
 50411 | Vaults:2 | Found the +18 shield of the Gong {Loud rN+ Will+ rCorr
                  | EV-5}
 51466 | Vaults:3 | Reached skill level 15 in Throwing
 51573 | Vaults:3 | Found a staircase to the Crypt.
 52073 | Vaults:4 | Reached XP level 24. HP: 178/216 MP: 37/40
 52073 | Vaults:4 | Found Kebofyat's Book Shop.
 52691 | Vaults:4 | Reached skill level 21 in Armour
 52805 | Vaults:4 | Identified the orb of the Endless Expanse {light, rElec}
 52805 | Vaults:4 | Noticed Frederick
 52827 | Vaults:4 | Killed Frederick
 53682 | Slime:2  | Reached skill level 18 in Shields
 54798 | Slime:5  | Entered Level 5 of the Pits of Slime
 54823 | Slime:5  | Reached skill level 21 in Fighting
 54850 | Slime:5  | Noticed the Royal Jelly
 55037 | Slime:5  | Gained mutation: You occasionally lose the ability to drink
                  | potions when taking damage. [a shining eye]
 55078 | Slime:5  | Identified the Lectures on the Morbid Tektite
 55081 | Slime:5  | Found a viscous altar of Jiyva.
 55082 | Slime:5  | Identified the +1 leather armour of the Gastropod {rF+}
 55082 | Slime:5  | Identified the +1 long sword of Golden Indomitability
                  | {flame, Dex+2}
 55093 | Slime:5  | Identified the +1 shortbow "Ogre's Peril" {drain, rElec rF-
                  | Str+4 Stlth+}
 55104 | Slime:5  | Identified the +3 long sword "Ugaom" {speed, Int+4}
 55180 | Slime:5  | Killed the Royal Jelly
 55491 | Slime:5  | Got a slimy rune of Zot
 56306 | Depths:4 | Entered Level 4 of the Depths
 56331 | Depths:4 | Reached XP level 25. HP: 216/227 MP: 38/40
 56331 | Depths:4 | Found Roaferph's Antique Armour Shop.
 57074 | Depths:4 | Found a gate to the Realm of Zot.
 58220 | Zot:1    | Entered Level 1 of the Realm of Zot
 58252 | Zot:1    | Noticed an orb of fire
 58264 | Zot:1    | Killed an orb of fire
 58267 | Zot:1    | Noticed an orb of fire
 58282 | Zot:1    | Gained mutation: Your spells are a little easier to cast,
                  | but a little less powerful. [an orb of fire]
 58297 | Zot:1    | Killed an orb of fire
 58663 | Zot:1    | Noticed an orb of fire
 58668 | Zot:1    | Lost mutation: Your muscles are very strong. (Str +8,
                  | Int/Dex -2) [an orb of fire]
 58670 | Zot:1    | Lost mutation: Your muscles are strong. (Str +4, Int/Dex
                  | -1) [an orb of fire]
 58673 | Zot:1    | Killed an orb of fire
 58745 | Zot:1    | Noticed an orb of fire
 58762 | Zot:1    | Killed an orb of fire
 59292 | Zot:1    | Reached XP level 26. HP: 238/238 MP: 40/40
 59452 | Zot:1    | Found a corrupted altar of Lugonu.
 59847 | Zot:2    | HP: 8/238 [golden dragon (11)]
 59847 | Zot:2    | HP: 3/238 [constriction (1)]
 59847 | Zot:2    | HP: 1/238 [golden dragon (2)]
 61929 | Vaults:2 | Bought a scroll of fog for 72 gold pieces
 61929 | Vaults:2 | Bought a scroll of blinking for 135 gold pieces
 61929 | Vaults:2 | Bought a scroll of teleportation for 54 gold pieces
 62007 | Vaults:2 | Bought a scroll of immolation for 68 gold pieces
 62007 | Vaults:2 | Bought a scroll of fear for 68 gold pieces
 62007 | Vaults:2 | Bought a scroll of teleportation for 51 gold pieces
 62007 | Vaults:2 | Bought a scroll of poison for 68 gold pieces
 62285 | D:7      | Bought a potion of heal wounds for 155 gold pieces
 62774 | Zot:3    | Reached skill level 18 in Throwing
 63653 | Zot:3    | Reached skill level 24 in Armour
 64464 | Zot:4    | Noticed a Killer Klown
 64486 | Zot:4    | Killed a Killer Klown
 64522 | Zot:4    | Noticed a Killer Klown
 64543 | Zot:4    | Reached skill level 21 in Shields
 64573 | Zot:4    | Killed a Killer Klown
 64605 | Zot:4    | Reached XP level 27. HP: 169/249 MP: 27/40
 64900 | Zot:5    | Entered Level 5 of the Realm of Zot
 64971 | Zot:4    | Gained mutation: You are clumsy. (Dex -2) [mutagenic glow]
 64979 | Zot:4    | Gained mutation: Potions are less effective at restoring
                  | your health. [mutagenic glow]
 65047 | Zot:4    | Lost mutation: You occasionally lose the ability to drink
                  | potions when taking damage. [potion of mutation]
 65047 | Zot:4    | Lost mutation: You are clumsy. (Dex -2) [potion of
                  | mutation]
 65047 | Zot:4    | Gained mutation: You occasionally lose the ability to drink
                  | potions when taking damage. [potion of mutation]
 65047 | Zot:4    | Gained mutation: Your mind is acute. (Int +4, Str/Dex -1)
                  | [potion of mutation]
 65047 | Zot:4    | Gained mutation: You expend magic power (3 MP) to
                  | strengthen your wands. [potion of mutation]
 65048 | Zot:4    | Lost mutation: You occasionally lose the ability to drink
                  | potions when taking damage. [potion of mutation]
 65048 | Zot:4    | Lost mutation: Your spells are a little easier to cast, but
                  | a little less powerful. [potion of mutation]
 65048 | Zot:4    | Gained mutation: Your magical capacity is low. (-10% MP)
                  | [potion of mutation]
 65049 | Zot:4    | Lost mutation: Potions are less effective at restoring your
                  | health. [potion of mutation]
 65049 | Zot:4    | Lost mutation: You expend magic power (3 MP) to strengthen
                  | your wands. [potion of mutation]
 65049 | Zot:4    | Lost mutation: Your magical capacity is low. (-10% MP)
                  | [potion of mutation]
 65049 | Zot:4    | Gained mutation: You have sharp toenails. [potion of
                  | mutation]
 65586 | Zot:5    | Reached skill level 24 in Fighting
 66211 | Zot:5    | Noticed an ancient lich
 66217 | Zot:5    | Killed an ancient lich
 66263 | Zot:5    | Noticed an orb of fire
 66278 | Zot:5    | Gained mutation: Your magical capacity is low. (-10% MP)
                  | [an orb of fire]
 66281 | Zot:5    | Gained mutation: You occasionally lose the ability to drink
                  | potions when taking damage. [an orb of fire]
 66287 | Zot:5    | Killed an orb of fire
 67180 | Zot:5    | Noticed a dread lich
 67185 | Zot:5    | Killed a dread lich
 67186 | Zot:5    | Noticed an orb of fire
 67192 | Zot:5    | Lost mutation: Your mind is acute. (Int +4, Str/Dex -1) [an
                  | orb of fire]
 67200 | Zot:5    | Noticed a dread lich
 67201 | Zot:5    | Killed an orb of fire
 67216 | Zot:5    | Noticed a dread lich
 67218 | Zot:5    | Killed a dread lich
 67229 | Zot:5    | Killed a dread lich
 67399 | Zot:5    | Noticed an orb of fire
 67405 | Zot:5    | Gained mutation: You have hidden genetic defects. [an orb
                  | of fire]
 67411 | Zot:5    | Killed an orb of fire
 67432 | Zot:5    | Noticed a dread lich
 67436 | Zot:5    | Killed a dread lich
 67452 | Zot:5    | Noticed an orb of fire
 67459 | Zot:5    | Killed an orb of fire
 67608 | Zot:5    | Noticed an orb of fire
 67611 | Zot:5    | Gained mutation: You sometimes lose the ability to drink
                  | potions when taking damage. [an orb of fire]
 67614 | Zot:5    | Gained mutation: Armour fits poorly on your strangely
                  | shaped body. [an orb of fire]
 67618 | Zot:5    | Killed an orb of fire
 67648 | Zot:5    | Gained mutation: You sometimes lose your temper in combat.
                  | [hidden defects]
 67933 | Zot:5    | Lost mutation: Your magical capacity is low. (-10% MP)
                  | [potion of mutation]
 67933 | Zot:5    | Lost mutation: You have sharp toenails. [potion of
                  | mutation]
 67933 | Zot:5    | Gained mutation: Potions are less effective at restoring
                  | your health. [potion of mutation]
 67933 | Zot:5    | Gained mutation: Your mind is acute. (Int +4, Str/Dex -1)
                  | [potion of mutation]
 67934 | Zot:5    | Lost mutation: You have hidden genetic defects. [potion of
                  | mutation]
 67934 | Zot:5    | Lost mutation: You sometimes lose your temper in combat.
                  | [potion of mutation]
 67934 | Zot:5    | Lost mutation: Your mind is acute. (Int +4, Str/Dex -1)
                  | [potion of mutation]
 67934 | Zot:5    | Gained mutation: You are somewhat resistant to further
                  | mutation. [potion of mutation]
 67935 | Zot:5    | Lost mutation: You are somewhat resistant to further
                  | mutation. [potion of mutation]
 67935 | Zot:5    | Lost mutation: Armour fits poorly on your strangely shaped
                  | body. [potion of mutation]
 67935 | Zot:5    | Gained mutation: Your muscles are strong. (Str +4, Int/Dex
                  | -1) [potion of mutation]
 67935 | Zot:5    | Gained mutation: You passively dampen the noise of your
                  | surroundings. [potion of mutation]
 67935 | Zot:5    | Gained mutation: You expend magic power (3 MP) to
                  | strengthen your wands. [potion of mutation]
 68146 | Zot:5    | Got the Orb of Zot
 68334 | Depths:3 | Noticed Sadwock the pandemonium lord
 68835 | D:$      | Escaped with the Orb!

Illustrated notes

Levels and vault maps discovered:
D:1:      dpeg_arrival_arbitrary_a, layout_basic, nrook_mini_backslash
D:2:      layout_rooms, basic_altar, basic_ecumenical_altar,
          minmay_misc_feat_columns, uniq_sigmund, uniq_terence, uniq_jessica
D:3:      layout_basic, trog_wizard, ebering_ghost_gozag,
          grunt_decor_mini_mirrors, roderic_roman_lattice, columned_hall_lemuel,
          nicolae_concentric_dashed_squares_mild, minmay_starry_boxes,
          uniq_robin
D:4:      layout_cave_pools, elyvilon_altar_4, kennysheep_generic_room_8,
          uniq_crazy_yiuf_cottage, uniq_natasha
D:5:      layout_basic, lightli_minifort
D:6:      layout_rooms, lemuel_doored_altar, temple_hall,
          gup_sewer_entry_bubbles, uniq_grinder
D:7:      layout_cave_pods, nicolae_hepliaklqana_hazy_memory, serial_shops,
          nicolae_shop_statue_plus, hellmonk_no_cap, uniq_joseph, uniq_pikel
D:8:      layout_gridville, mainiacjoe_overflow_alcove_1, serial_bayou_lagoon_b,
          uniq_maggie, uniq_erica
D:9:      layout_loops_ring, serial_shops, shop, dreamdust_mushroom_princess,
          nicolae_transporter_circle
D:10:     layout_basic, nicolae_wu_jian_immortal_techniques, enter_trove_0,
          serial_library_hellmonk_angled_corner, kennysheep_flooded_box,
          st_stairs_9, minmay_misc_feat_more_columns, serial_park_tiny_pond,
          uniq_psyche
D:11:     layout_stronghold, erik_lair_island, item_on_display_a, uniq_lodul
D:12:     layout_roguey, erik_orc_4, serial_shops, nicolae_shop_statue_plus,
          nicolae_shop_tiny_waterfront, nicolae_shop_stone,
          nicolae_shop_temple_entry_statues_fountains, grunt_ministairs_3,
          nzn_sisyphean_effort, uniq_josephine, uniq_urug
D:13:     layout_cave_pools, serial_shops, shop
D:14:     layout_layer_cave, david_vaults_4, kennysheep_boxes,
          nicolae_vehumet_radiance, uniq_frances
D:15:     hellmonk_depths_entry_around_the_bend, layout_gridville, minivault_26,
          evilmike_ruin_ashenzari, uniq_azrael
Lair:1:   layout_chaotic_city, portal_ice_cave_entry_ice_simulacra,
          grunt_megastairs_3
Lair:2:   wad_woods_minihive, layout_hall_layers, elwin_shoals_entry_rocks
Lair:3:   layout_cave_pods, nicolae_spider_entry_non_spiders, grunt_megastairs_2
Lair:4:   layout_regular_city, hangedman_lair_generics_rect, grunt_megastairs_1,
          uniq_nessos
Lair:5:   hellmonk_lair_end_abyssal_woods, layout_loops_ring,
          nicolae_slime_entry_slimehenge, serial_bayou_pond_e,
          minmay_lair_oklob_items, pond
Shoals:1: layout_shoals, nicolae_shoals_secluded_bog
Shoals:2: layout_shoals, nicolae_shoals_water_booths
Shoals:3: layout_shoals, lemuel_oklob_altar, uniq_donald
Shoals:4: shoals_end_simple, layout_shoals, uniq_aizul, uniq_mlioglotl
Spider:1: layout_chambers, guppyfry_spider_mini_2, uniq_louise
Spider:2: layout_spider_delve, hangedman_spider_tarantella_strand
Spider:3: layout_spider_delve, uniq_roxanne, uniq_nikola
Spider:4: hellmonk_spider_rune_bug_friends
Slime:1:  layout_caves, nicolae_slime_getting_an_eyeful
Slime:2:  nicolae_slime_spelunking
Slime:3:  layout_caves
Slime:4:  nicolae_slime_pool, layout_caves
Slime:5:  slime_pit
Orc:1:    layout_diamond_mine, nicolae_orc_bridge_out, regret_index_xom_of_box
Orc:2:    grunt_orc_gardens, layout_caves, grunt_orc_garden, grunt_orc_garden,
          grunt_orc_garden, grunt_orc_garden
Elf:1:    elf_arrival_002, layout_rooms, minmay_elf_necromancy,
          lemuel_upstairs_altar
Elf:2:    nicolae_elf_blades_crystal_corner, layout_gridlike,
          nicolae_elf_hall_of_bonks
Elf:3:    minmay_elf_hall_statues, layout_onion_city,
          evilmike_spriggan_trog_shrine
Vaults:1: nicolae_vaults_oozy_zoo, v_misc_5, hangedman_vaults_variations,
          nicolae_vaults_sesquioval_fish, vaults_room_semicircle, v_misc_1,
          nicolae_vaults_network_barrier, ontoclasm_vaults_bender,
          vaults_dpeg_spiral, nicolae_vaults_frosty_reception,
          nicolae_vaults_rhombus_7, nicolae_vaults_apartment_2, serial_ice_m,
          ontoclasm_vaults_ring_small, nicolae_vaults_variable_pillar_hall,
          layout_vaults_maze, uniq_saint_roka
Vaults:2: mu_enter_wizlab_4, vaults_mumra_hexcomb, nicolae_vaults_alarming,
          v_misc_19, vaults_standard_mumra_lines,
          nicolae_vaults_little_squares_4, nicolae_vaults_trapezoid_layered,
          nicolae_vaults_know_your_exits, nicolae_vaults_yaktaur_gun_rack,
          v_misc_26, layout_vaults_omnigrid, serial_shops, shop,
          nicolae_shop_peninsula, nicolae_shop_peninsula, shop,
          nicolae_shop_hallway_plus, uniq_xtahua
Vaults:3: v_alt_pattern_3, nicolae_vaults_trapezoid_1,
          nicolae_vaults_ring_of_whatevers, v_misc_12, hangedman_vaults_locks,
          vaults_mumra_minichess_inversion, hangedman_vaults_stitches,
          nicolae_vaults_what_the_h, ontoclasm_vaults_gateway,
          blue_anna_dwarven_crypt, v_misc_27,
          hangedman_vaults_stretched_pinwheel, layout_vaults_omnicross
Vaults:4: v_pattern_5, vaults_room_ringed_pool, nicolae_vaults_enemy_cabinets,
          ontoclasm_vaults_chip, grunt_vaults_hallway_long,
          nicolae_vaults_house_1, vaults_dpeg_diagonal,
          nicolae_vaults_trapezoid_2, nicolae_vaults_diamond_1,
          layout_vaults_big_room, serial_shops, nicolae_shop_behind_doors,
          uniq_frederick
Depths:1: nzn_winding_woodlands_small [nzn_winding_woodlands_5x15_sidewinder,
          nzn_winding_woodlands_center_pierced_h,
          nzn_winding_woodlands_5x15_split_checker], layout_gridlike,
          abyss_entry_crystal, hell_entry, minmay_misc_feat_nine_boxes,
          makhleb_altar_promises_db, minmay_shop_star, uniq_bai_suzhen,
          uniq_enchantress, uniq_sojobo, uniq_asterion
Depths:2: box_level_dp, hell_entry, serial_shops, pan_entry, uniq_mara
Depths:3: minmay_open_boxes_in_corner, layout_honeycomb, enter_ziggurat_e,
          grunt_hell_entry_dis_old, abyss_entry, pan_entry, serial_shops,
          nicolae_shop_crystal
Depths:4: evilmike_zot_entry_argh, layout_basic, serial_shops,
          nicolae_shop_overgrown_old_shop, chequers_serial_rivers_room_a,
          hell_entry, abyss_entry, rand_demon_pan_entry_8
Zot:1:    layout_gridlike, regret_index_zotdec_abyssal_contain_seething_sorcery,
          lemuel_lake_of_fire
Zot:2:    layout_cathedral_of_symmetry, hangedman_zot_decor_checkerboard
Zot:3:    lemuel_acid_trip, layout_onion, hangedman_zot_decor_scrapings
Zot:4:    grunt_zot_stairs_faceoff, layout_basic, drop_trap
Zot:5:    layout_concentric_octagons, lemuel_baited_zot_trap, st_stairs_5

Skill      XL: |  1  2  3  4  5  6  7  8  9 10 11 12 13 14 15 16 17 18 19 20 21 22 23 24 25 26 27 |
---------------+----------------------------------------------------------------------------------+-----
Fighting       | 2 4 6 8 9 10 11 13 14 15 16 17 18 19 20 21 22 23 25 | 25.2
Unarmed Combat | 4 6 7 8 12 16 17 18 19 20 21 22 | 22.4
Dodging        | 4 6 7 8 9 10 11 | 11.5
Armour         | 1 4 6 10 11 13 14 15 16 17 18 19 20 21 23 24 25 | 25.7
Throwing       | 2 3 4 6 8 9 10 11 12 13 14 15 16 17 18 20 | 20.3
Shields        | 4 6 8 10 11 12 13 14 15 16 17 18 19 21 22 | 22.5
Translocations | 2 3 5 6 8 9 11 12 | 12.9
Evocations     | 1 4 |  4.9
Spellcasting   | 1 3 5 7 8 |  8.8
Stealth        | 1 4 5 7 |  7.3
Hexes          | 3 |  3.1
Shapeshifting  | |  3.5

Action                     |  1- 3 |  4- 6 |  7- 9 | 10-12 | 13-15 | 16-18 | 19-21 | 22-24 | 25-27 || total
---------------------------+-------+-------+-------+-------+-------+-------+-------+-------+-------++-------
  Melee: Unarmed           |    68 |   132 |    11 |   459 |  1319 |  1297 |  1543 |  1673 |  1885 ||  8387
         Punch             |     2 |     4 |    11 |       |       |       |       |       |       ||    17
         Whip              |       |       |   454 |   478 |       |       |       |       |       ||   932
   Fire: Sling             |    13 |       |       |       |       |       |       |       |       ||    13
  Throw: Boomerang         |       |       |       |    18 |    12 |    54 |    87 |    30 |   172 ||   373
         Dart              |       |       |       |     2 |       |       |       |       |       ||     2
         Javelin           |       |       |       |     6 |       |    20 |    40 |    63 |    31 ||   160
   Cast: Apportation       |       |       |       |       |       |       |     1 |       |       ||     1
         Dimensional Bulls |       |       |       |       |       |       |       |     3 |     6 ||     9
         Manifold Assault  |       |       |       |       |       |       |       |     2 |       ||     2
         Lesser Beckoning  |       |       |       |       |       |       |       |       |     3 ||     3
         Dispersal         |       |       |       |       |       |       |       |       |     2 ||     2
 Invoke: Curse Item        |       |     2 |     3 |     6 |     5 |     1 |     2 |     2 |       ||    21
         Shatter the Chain |       |     1 |       |     3 |     3 |     1 |     3 |     1 |       ||    12
Ability: Hop               |       |     1 |     4 |     8 |     9 |    10 |    13 |     5 |    12 ||    62
  Evoke: Wand              |       |       |       |    15 |     7 |     4 |    22 |     1 |       ||    49
         Phantom mirror    |       |       |       |       |     2 |       |     2 |     1 |       ||     5
         Sack of spiders   |       |       |       |       |       |       |       |     2 |     1 ||     3
    Use: Scroll            |     1 |       |     1 |     4 |     4 |     2 |    12 |     3 |     8 ||    35
         Potion            |       |     2 |       |     1 |     8 |     3 |     3 |     8 |    18 ||    43
   Stab: Sleeping          |     1 |       |       |       |       |    29 |       |     1 |       ||    31
         Confused          |       |       |       |     1 |       |       |       |       |       ||     1
         Petrified         |       |       |       |       |     6 |       |       |       |       ||     6
         Distracted        |       |       |       |       |       |     4 |       |     1 |       ||     5
 Armour: Animal skin       |    16 |       |       |       |       |       |       |       |       ||    16
         Leather armour    |    20 |    70 |       |       |       |       |       |       |       ||    90
         Skin              |       |    11 |       |       |       |       |       |       |       ||    11
         Ring mail         |       |     4 |   376 |   586 |   384 |       |       |       |       ||  1350
         Scale mail        |       |       |       |       |   137 |   612 |    17 |       |       ||   766
         Plate armour      |       |       |       |       |       |       |   556 |       |       ||   556
         Storm dragon scal |       |       |       |       |       |       |   147 |   491 |   665 ||  1303
  Dodge: Dodged            |    44 |    59 |   450 |   549 |   461 |   540 |   347 |   208 |   207 ||  2865
  Block: Buckler           |       |       |    45 |   153 |       |       |       |       |       ||   198
         Kite shield       |       |       |       |   312 |  1099 |  1260 |  1068 |  1527 |  1828 ||  7094
         Reflection        |       |       |       |       |    37 |    38 |    26 |       |       ||   101
   Form: Beast             |       |       |     1 |       |       |       |       |       |       ||     1
         Flux              |       |       |     1 |       |       |       |       |       |       ||     1
                           |       |       |       |     1 |       |       |       |       |       ||     1
